 Dungeon Crawl Stone Soup version 0.29.1-15-g9cfb28693d (webtiles) character file.

Game seed: 11216790572702363629

201606281 Sapher the Archmage (level 27, 218/218 HPs)
             Began as a Meteoran Earth Elementalist on Dec 20, 2023.
             Was a High Priest of Cheibriados.
             Escaped with the Orb
             ... and 15 runes on Jan 3, 2024!
             The game lasted 08:50:21 (7022 turns).

Sapher the Archmage (Meteoran Earth Elementalist)   Turns: 7022, Time: 08:50:22

Health: 218/218    AC: 20    Str: 14    XL:     27
Magic:  78/78      EV: 43    Int: 47    God:    Cheibriados [*****.]
Gold:   680        SH: 12    Dex: 28    Spells: 4/80 levels left

rFire   + . .      SeeInvis +   w - staff of earth
rCold   + + .      Faith    .   k - +3 buckler {AC+3}
rNeg    + + +      Spirit   .   n - +3 leather armour of Hotet {Int+8}
rPois   .          Reflect  .   g - +4 hat of Free Expression {rC+ rN+ rCorr Slay-4}
rElec   +          Harm     .   H - scarf {rC+ rF+}
rCorr   +          Rampage  .   R - +2 pair of gloves {infuse}
Will    ++++.                   S - +2 pair of boots {Fly}
Stlth   +.........              r - amulet of regeneration
HPRegen 1.26/turn               e - ring of Rishric {Will+ MP+9 Str+2 Dex-3 SInv}
MPRegen 0.46/turn               D - ring "Cen Oki" {rElec rN++ MP+9 EV+4 Str-5}

@: flying, glowing, studying Spellcasting, very slow
A: sense surroundings 3, otherworldly, glowing, explore regen, deterioration 2,
frail 2, high MP 1, weak 2, subdued magic 1, MP-powered wands
0: Orb of Zot
}: 15/15 runes: decaying, serpentine, slimy, silver, golden, iron, obsidian,
icy, bone, abyssal, demonic, glowing, magical, fiery, dark
a: Renounce Religion, Bend Time, Temporal Distortion, Slouch, Step From Time


You escaped.
You worshipped Cheibriados.
Cheibriados was extremely pleased with you.
You visited 16 branches of the dungeon, and saw 83 of its levels.
You visited Pandemonium 1 time, and saw 13 of its levels.
You visited the Abyss 1 time.
You visited 1 ziggurat, and saw 12 of its levels.

You collected 1112 gold pieces.
You spent 432 gold pieces at shops.

Inventory:

Hand Weapons
 d - a +2 flail of distortion
 y - the +7 falchion "Xianaos" {vamp, rPois rF++ rC- Stlth+}
   (You found it on level 5 of the Pits of Slime)

   It occasionally heals its wielder for a portion of the damage dealt when it
   wounds a living foe.
   rF:        It greatly protects you from fire.
   rC:        It makes you vulnerable to cold.
   rPois:     It protects you from poison.
   Stlth:     It makes you more stealthy.
Missiles
 i - a throwing net
Armour
 g - the +4 hat of Free Expression (worn) {rC+ rN+ rCorr Slay-4}
   (You found it on level 1 of the Lair of Beasts)

   Slay:      It affects your accuracy & damage with ranged weapons and melee
   (-4).
   rC:        It protects you from cold.
   rN:        It protects you from negative energy.
   rCorr:     It protects you from acid and corrosion.
 k - a +3 buckler of protection (worn)
 n - the +3 leather armour of Hotet (worn) {Int+8}
   (You found it on level 3 of the Tomb of the Ancients)

   Int:       It affects your intelligence (+8).
 H - a scarf of resistance (worn)
 R - a +2 pair of gloves of infusion (worn)
 S - a +2 pair of boots of flying (worn)
Magical Staves
 p - a staff of air
 u - a staff of fire
 v - a staff of cold
 w - a staff of earth (weapon)
Jewellery
 b - the ring of the Empty Page {rF+ rCorr Int+6}
   (You found it on level 9 of a ziggurat)

   [ring of intelligence]

   Int:       It affects your intelligence (+6).
   rF:        It protects you from fire.
   rCorr:     It protects you from acid and corrosion.
 e - the ring of Rishric (left hand) {Will+ MP+9 Str+2 Dex-3 SInv}
   (You found it on level 3 of the Tomb of the Ancients)

   [ring of magical power]

   Str:       It affects your strength (+2).
   Dex:       It affects your dexterity (-3).
   MP:        It affects your magic capacity (+9).
   SInv:      It lets you see invisible.
   Will:      It increases your willpower.
 r - an amulet of regeneration (around neck)
 z - the amulet "Juylorch" {Reflect rF+ rN+ SH+5}
   (You found it on level 5 of the Vaults)

   [amulet of reflection]

   It reflects blocked missile attacks.
   rF:        It protects you from fire.
   rN:        It protects you from negative energy.
   SH:        It affects your SH (+5).
 C - the ring "Egruunua" {*Slow rPois Will+ EV+4 Str+3}
   (You found it on level 5 of the Pits of Slime)

   [ring of evasion]

   EV:        It affects your evasion (+4).
   Str:       It affects your strength (+3).
   rPois:     It protects you from poison.
   *Slow:     It may slow you when you take damage.
   Will:      It increases your willpower.
 D - the ring "Cen Oki" (right hand) {rElec rN++ MP+9 EV+4 Str-5}
   (You took it off a vault warden on level 5 of the Vaults)

   [ring of evasion]

   EV:        It affects your evasion (+4).
   Str:       It affects your strength (-5).
   rElec:     It insulates you from electricity.
   rN:        It greatly protects you from negative energy.
   MP:        It affects your magic capacity (+9).
 E - the ring "Qacwaho" {rPois Will+ Str+2}
   (You bought it in a shop on level 2 of the Vaults)

   [ring of willpower]

   Str:       It affects your strength (+2).
   rPois:     It protects you from poison.
   Will:      It increases your willpower.
 N - the ring of Wyfocyox {Wiz rElec Str+3}
   (You found it on level 3 of the Crypt)

   [ring of wizardry]

   It improves your spell success rate.
   Str:       It affects your strength (+3).
   rElec:     It insulates you from electricity.
Wands
 f - a wand of digging (1)
 m - a wand of paralysis (33)
 s - a wand of acid (5)
 t - a wand of iceblast (8)
Scrolls
 c - 4 scrolls of immolation
 h - 2 scrolls of amnesia
 A - 5 scrolls of enchant armour
 I - a scroll of acquirement
 J - a scroll of fear
 P - a scroll of identify
 Q - a scroll of summoning
Potions
 a - a potion of cancellation
 j - 2 potions of heal wounds
 l - a potion of flight
 q - a potion of curing
 B - a potion of attraction
Miscellaneous
 x - a lightning rod (4/4)
 U - a condenser vane
 V - the horn of Geryon


   Skills:
 O Level 27 Fighting
 - Level 5.0 Armour
 O Level 27 Dodging
 - Level 6.0 Stealth
 - Level 12.3 Shields
 - Level 6.0 Unarmed Combat
 O Level 27 Spellcasting
 - Level 6.0 Conjurations
 - Level 14.0 Necromancy
 + Level 10.4 Translocations
 - Level 12.1 Transmutations
 - Level 16.0 Fire Magic
 - Level 9.0 Ice Magic
 - Level 24.0 Earth Magic
 - Level 12.0 Invocations
 - Level 13.0 Evocations


You had 4 spell levels left.
You knew the following spells:

 Your Spells              Type           Power      Damage    Failure   Level
a - Passwall              Tmut/Erth      100%       N/A       0%          2
b - Borgnjor's Vile Clut  Necr/Erth      67%        N/A       0%          5
d - Death Channel         Necr           50%        N/A       1%          6
g - Ignition              Fire           52%        3d15      1%          8
i - Irradiate             Conj/Tmut      42%        3d25      1%          5
l - Lehudib's Crystal Sp  Conj/Erth      62%        10d14     2%          8
n - Apportation           Tloc           100%       N/A       0%          1
s - Simulacrum            Ice/Necr       46%        N/A       1%          6
t - Shatter               Erth           73%        3d53*     1%          9
z - Passage of Golubria   Tloc           90%        N/A       1%          4
B - Blink                 Tloc           100%       N/A       0%          2
I - Statue Form           Tmut/Erth      88%        N/A       0%          6
X - Animate Dead          Necr           100%       N/A       0%          4
Y - Sublimation of Blood  Necr           100%       N/A       0%          2
Z - Infestation           Necr           50%        N/A       4%          8

Your spell library contained the following spells:

 Spells                   Type           Power      Damage    Failure   Level
 Foxfire                  Conj/Fire      100%       2x1d9     0%          1
 Sandblast                Erth           100%       2d20      0%          1
 Wereblood                Tmut           94%        N/A       0%          2
 Conjure Flame            Conj/Fire      91%        6-21      0%          3
 Inner Flame              Hex/Fire       82%        N/A       0%          3
 Lesser Beckoning         Tloc           90%        N/A       0%          3
 Ozocubu's Armour         Ice            85%        N/A       0%          3
 Stone Arrow              Conj/Erth      100%       3d13      0%          3
 Vampiric Draining        Necr           100%       2d13      0%          3
 Animate Armour           Summ/Erth      100%       N/A       0%          4
 Dispel Undead            Necr           100%       3d31      0%          4
 Flame Wave               Conj/Fire      91%        2d19      0%          4
 Petrify                  Tmut/Erth      100%       N/A       0%          4
 Sticky Flame             Conj/Fire      91%        2d10      0%          4
 Summon Small Mammal      Summ           100%       N/A       1%          1
 Static Discharge         Conj/Air       63%        3-11/arc  1%          2
 Call Canine Familiar     Summ           48%        N/A       1%          3
 Dazzling Flash           Conj/Hex       100%       N/A       1%          3
 Tukima's Dance           Hex            48%        N/A       1%          3
 Airstrike                Air            24%        2d(4-20)  1%          4
 Fulminant Prism          Conj/Hex       31%        3d16      1%          4
 Iskenderun's Mystic Bla  Conj/Tloc      83%        2d16      1%          4
 Summon Ice Beast         Ice/Summ       69%        N/A       1%          4
 Summon Lightning Spire   Summ/Air       48%        N/A       1%          4
 Agony                    Necr           100%       N/A       0%          5
 Lee's Rapid Deconstruct  Erth           73%        3d34*     0%          5
 Alistair's Intoxication  Tmut/Pois      50%        N/A       1%          5
 Blade Hands              Tmut           47%        N/A       1%          5
 Fireball                 Conj/Fire      45%        3d18      1%          5
 Lightning Bolt           Conj/Air       31%        1d48      1%          5
 Manifold Assault         Tloc           90%        N/A       1%          5
 Metabolic Englaciation   Hex/Ice        34%        N/A       1%          5
 Yara's Violent Unravell  Hex/Tmut       37%        3d15      1%          5
 Iron Shot                Conj/Erth      62%        9d12      1%          6
 Starburst                Conj/Fire      45%        6d13      1%          6
 Dragon Form              Tmut           47%        N/A       1%          7
 Silence                  Hex/Air        24%        N/A       6%          5
 Haunt                    Necr/Summ      39%        N/A       11%         7
 Summon Cactus Giant      Summ           24%        N/A       34%         6
 Spellforged Servitor     Conj/Summ      31%        N/A       52%         7
 Summon Hydra             Summ           24%        N/A       91%         7
 Fire Storm               Conj/Fire      45%        8d12      96%         9
 Chain Lightning          Conj/Air       31%        3d42      100%        9


Dungeon Overview and Level Annotations

Branches:
Dungeon (15/15)            Temple (1/1) D:4            Lair (5/5) D:11
  Swamp (4/4) Lair:2        Snake (4/4) Lair:3        Slime (5/5) Lair:4
 Vaults (5/5) D:14          Crypt (3/3) Vaults:2       Tomb (3/3) Crypt:3
 Depths (4/4) D:15           Hell (visited)             Dis (7/7) Hell
    Geh (7/7) Hell            Coc (7/7) Hell            Tar (7/7) Hell
    Zot (5/5) Depths:4
    Orc: D:9-12

Altars:
Ashenzari
Cheibriados
Dithmenos
Gozag
Kikubaaqudgha
Okawaru
Qazlal
Ru
Sif Muna
Uskayaw
Vehumet
Wu Jian
Yredelemnul
Zin
Jiyva

Shops:
D:4 [   D:8 [   D:14 ?   Vaults:2 *

Portals:
Hell: Depths:1 Depths:4
Pandemonium: Depths:4

Annotations:
Swamp:1 3 runed translucent doors, Sapher's ghost, journeyman OpTm
Swamp:2 1 transporter, Sapher's ghost, journeyman MeEE
Tomb:1 2 exclusions
Tomb:2 1 exclusion
Dis:7 3 exclusions
Geh:7 1 exclusion, Asmodeus
Coc:7 Antaeus
Tar:7 1 exclusion, Ereshkigal
Zot:1 Qohumiw's ghost, legendary TrBe


Innate Abilities, Weirdness & Mutations

You passively map a large area around you.
You are easily found by Zot.
You glow in the dark.
You regain HP and MP as you explore.
Your body often deteriorates upon taking damage.
You are very frail. (-20% HP)
You have an increased reservoir of magic. (+10% MP)
You are very weak. (Str -4)
Your spells are a little easier to cast, but a little less powerful.
You expend magic power (3 MP) to strengthen your wands.


Message History

You enter the passage of Golubria.
Casting: Passage of Golubria (safe; 1% risk of failure)
Confirm with . or Enter, or press ? or * to list all spells.
Aiming: Passage of Golubria (safe; 1% risk of failure)
Press: ? - help, Dir - move target The Orb disrupts the stability of your passage!
You enter the passage of Golubria.
Blink to where?
Press: ? - help, Dir - move target
As you read the scroll of blinking, it crumbles to dust.
You hear a snapping sound.
There is a stone staircase leading up here.
You fly upwards.
There is a stone staircase leading down here.
Press: ? - help, . - travel You can't see that place. [a staircase leading out of the dungeon.] Placed new exclusion.
Reduced exclusion size to a single square.
Removed exclusion.
Unknown command.
Unknown command.
Casting: Passage of Golubria (safe; 1% risk of failure)
Confirm with . or Enter, or press ? or * to list all spells.
Aiming: Passwall (safe; 0% risk of failure)
Press: ? - help, Dir - move target A rock wall.
This square is covered in magical glow.
You feel a surge of power!
You begin to meditate on the wall.
You continue meditating on the rock. x3
Magic restored.
You finish merging with the rock.
Blink to where?
Press: ? - help, Dir - move target
As you read the scroll of blinking, it crumbles to dust.
The hell beast howls!
There is a staircase leading out of the dungeon here.
Unknown command.
Unknown command.
You have escaped!

* * ##.#.#.... ,
* #.#...... * *
#...>...♣ , ** ,
###.####♣ ,, , ,
#.#♣ * * ,
*############..♣*
*
##P#P♣....'...♣.♣
♣.#P♣..~~~##..♣.♣
* *,
♣@.2..8~####.♣ .*
♣.#P♣..~~~#*#.♣
♣. ##P#P♣....+
#.# .. , , *
########## .♣♣
*,⌠ * ** *, , ♣ *
* ** , , * *, , ,


You could see a hell beast.

Vanquished Creatures
  Mnoleg (Pan)
  Lom Lobon (Pan)
  7 dread liches
  11 ancient liches
  6 orbs of fire
  A juggernaut (Dis:7)
  16 royal mummies
  14 shard shrikes
  3 Killer Klowns
  Parghit (Zot:4)
  40 caustic shrikes
  2 curse toes
  8 profane servitors
  4 golden dragons
  5 bone dragons
  the Enchantress (Depths:2)
  13 Tzitzimimeh
  4 pandemonium lords
  4 Brimstone Fiends
  An electric golem (Zot:5)
  8 doom hounds
  4 iron giants
  3 hellephants
  14 tainted leviathans
  3 Orb Guardians (Zot:5)
  6 Ice Fiends
  9 tentacled monstrosities
  5 liches
  18 searing wretches
  13 Hell Sentinels
  3 titans
  3 quicksilver dragons
  3 acid blobs
  Murray (Hell)
  An eldritch tentacle (Abyss:5)
  19 ancient champions
  5 Executioners (Pan)
  3 death cobs (Zot:1)
  4 tengu reavers
  Donald (Snake:4)
  4 sphinxes
  4 storm dragons
  A revenant (Tomb:1)
  3 demonspawn warmongers (Pan)
  2 shadow dragons
  An azure jelly (shapeshifter) (Depths:4)
  2 draconian monks (Zot:1)
  6 rockslimes
  A draconian knight (Depths:4)
  8 narguns
  An emperor scorpion (Zig:2)
  10 quicksilver elementals
  8 fire giants
  2 draconian scorchers
  A deep elf sorcerer (Vaults:5)
  3 iron dragons
  9 balrugs
  3 frost giants
  10 vault wardens
  4 cacodemons (Pan)
  A curse skull (Zig:1)
  4 shard shrike simulacra
  A draconian annihilator (Depths:4)
  2 demonspawn blood saints
  A ghoul (Zig:9)
  4 reapers
  A caustic shrike zombie (Tomb:2)
  11 ironbound preservers
  4 spriggan defenders
  26 war gargoyles
  10 very ugly things
  A quicksilver ooze (Slime:4)
  2 demonspawn corrupters
  9 stone giants
  A draconian stormcaller (Zot:4)
  3 ironbound thunderhulks
  4 bennus
  An eleionoma (Swamp:1)
  5 green draconians
  2 vampire knights (Depths:4)
  14 elemental wellsprings
  6 black draconians
  19 putrid mouths
  2 red draconians (Zot:1)
  A lorocyproca (Pan)
  4 yellow draconians
  7 wendigos
  2 purple draconians (Zot:2)
  4 white draconians
  6 dire elephants
  A bunyip (Swamp:4)
  2 spectral titans (Tar:7)
  A spark wasp (Depths:4)
  2 entropy weavers
  17 mummy priests
  3 eidola
  A blizzard demon (Hell)
  15 iron golems
  6 ettins
  2 deep elf death magi
  A green death (Pan)
  A spectral iron giant (Tar:7)
  8 great orbs of eyes
  A crystal guardian (Crypt:3)
  5 fire dragons (Depths:4)
  3 jiangshi (Crypt:2)
  Fannar (Lair:3)
  2 yaktaur captains
  A spriggan zombie (Tomb:3)
  2 spectral spriggans (Tar:4)
  2 spectral krakens (Tar:7)
  3 hell beasts
  A rakshasa (Depths:4)
  29 vault guards
  4 salamander tyrants
  9 ice dragons
  2 anacondas
  4 caustic shrike simulacra
  6 stokers
  A catoblepas (Zig:12)
  2 ghost crabs
  2 spriggan air magi
  A spriggan skeleton (Tomb:3)
  An alligator (Swamp:3)
  3 juggernaut simulacra
  5 hydras
  A merfolk avatar (Abyss:5)
  A naga warrior (Snake:4)
  2 death knights
  3 ironbound frosthearts
  A dancing weapon (Crypt:3)
  3 tengu warriors
  3 centaur warriors
  3 death scarabs (Tomb:2)
  2 deep troll shamans (Depths:1)
  27 hell hogs
  A two-headed ogre (D:12)
  5 thrashing horrors (Abyss:5)
  2 vampire magi
  A naga sharpshooter (Snake:3)
  4 deep troll earth magi
  A hell knight (Hell)
  An orc high priest (Zig:6)
  2 spriggan berserkers (Depths:4)
  A titan zombie (Vaults:5)
  6 sixfirhies (Pan)
  3 sun demons
  14 crystal echidnas
  4 iron trolls
  5 soul eaters (Hell)
  A death drake (Zig:11)
  3 shadow wraiths
  3 spriggan druids
  An ogre zombie (Vaults:2)
  A glowing orange brain (Depths:4)
  11 skeletal warriors
  A steelbarb worm (shapeshifter) (Zig:10)
  3 shadow demons
  A bunyip zombie (Tomb:2)
  28 deep trolls
  4 quicksilver dragon simulacra
  7 ironbound convokers
  4 naga ritualists (Snake:4)
  A glowing orange brain (shapeshifter) (Zig:10)
  A flayed ghost (D:15)
  8 wizards
  4 swamp dragons
  3 spriggan simulacra
  3 obsidian statues
  3 phantasmal warriors
  A fenstrider witch simulacrum (Tomb:2)
  An anaconda skeleton (Tomb:3)
  A bunyip skeleton (Crypt:2)
  3 orc knights
  A shadow dragon zombie (Tomb:2)
  2 iron dragon zombies
  8 ugly things
  6 necromancers
  2 cyclopes (D:12)
  2 manticores
  2 orc sorcerers (Zig:6)
  3 mana vipers (Snake:3)
  An elephant (Zig:8)
  4 death scarab zombies (Tomb:2)
  A wolf spider (Zig:12)
  9 moths of wrath
  4 salamanders
  A worldbinder (Abyss:5)
  An elf zombie (Vaults:5)
  An elephant (shapeshifter) (Depths:4)
  A moth of wrath (shapeshifter) (Zig:4)
  2 titan simulacra
  2 apocalypse crabs (Zig:4)
  Maurice (D:13)
  6 black mambas
  A fire giant skeleton (D:15)
  A naga mage (Snake:1)
  4 ice statues
  5 vault sentinels
  An eye of devastation (shapeshifter) (Zig:5)
  3 molten gargoyles (Hell)
  6 rust devils
  7 smoke demons
  An eye of devastation (Slime:1)
  31 hellions
  5 orange demons (Pan)
  5 cane toads
  A demonic crawler (Pan)
  2 freezing wraiths
  17 tormentors
  2 rime drakes
  9 spectral swamp worms (Tar:7)
  2 bunyip simulacra
  22 yaktaurs
  3 ice devils
  2 efreet (D:14)
  7 anaconda simulacra
  4 komodo dragons
  24 guardian mummies
  A spectral naga (Tar:3)
  3 tengu conjurers (Depths:4)
  2 red devils (Hell)
  6 human zombies (Vaults:5)
  2 hellwings (Pan)
  An iron giant simulacrum (Coc:3)
  2 polar bears (Zig:12)
  5 trolls
  2 hydra zombies (Hell)
  2 hornets
  A harpy zombie (Tomb:2)
  2 harpy skeletons
  Grinder (D:6)
  2 blink frogs (Abyss:5)
  An ettin zombie (D:15)
  16 slime creatures
  3 dream sheep
  2 iron dragon simulacra
  A raiju (Abyss:5)
  A centaur simulacrum (Tomb:3)
  4 large abominations
  A shadow (D:11)
  A stone giant simulacrum (Coc:3)
  38 flying skulls
  A spriggan (shapeshifter) (Depths:4)
  2 spriggans (Depths:2)
  3 starcursed masses (Abyss:5)
  A wraith (Vaults:2)
  A culicivora (Zig:2)
  2 water elementals (Depths:1)
  An alligator skeleton (Hell)
  4 dire elephant simulacra
  7 ynoxinuls (Pan)
  An ettin skeleton (Pan)
  3 alligator snapping turtle simulacra
  4 wyverns
  9 yaks
  7 ushabtiu
  5 fire bats
  A golden eye (Slime:4)
  13 neqoxecs (Pan)
  3 fire elementals (Lair:1)
  6 chaos spawn
  12 vampire mosquitoes
  A warg (Vaults:5)
  15 harpy simulacra
  7 nagas
  3 swamp worms
  5 hell hounds
  4 acid dragons
  10 water moccasins
  2 hydra simulacra
  A floating eye (Pan)
  A floating eye (shapeshifter) (Vaults:5)
  A sky beast (D:7)
  3 swamp drakes (Zig:11)
  8 orc warriors
  2 ogres (Zig:6)
  A black bear (D:4)
  9 boggarts
  2 wolves (D:11)
  4 centaurs (D:14)
  2 phantoms
  A kobold brigand (D:11)
  3 yaktaur zombies
  A gnoll sergeant (D:8)
  2 scorpions
  A naga simulacrum (Coc:7)
  A warg zombie (Vaults:5)
  3 wights (D:7)
  3 electric eels
  A howler monkey (D:13)
  5 hounds
  A small abomination (Zot:4)
  2 jellies (D:4)
  6 orc priests
  A gnoll bouda (D:8)
  2 iguanas
  2 orc wizards
  4 hell rats (Hell)
  19 mummies
  An adder (D:2)
  7 gnolls (D:8)
  4 orc zombies (Vaults:5)
  2 ufetubi
  A dart slug (D:4)
  13 orcs
  2 endoplasms (D:4)
  A giant cockroach (D:2)
  2 goblins (D:3)
  4 jackals (D:4)
  5 ball pythons
  5 kobolds (D:11)
  2 rats (D:2)
  2 blocks of ice (Pan)
  8 creeping infernos
  A fire vortex (Geh:5)
  3 tentacles (Tar:7)
1466 creatures vanquished.

Vanquished Creatures (collateral kills)
  the Royal Jelly (Slime:5)
  Gloorx Vloq (Pan)
  2 dread liches
  4 royal mummies
  2 Killer Klowns (Zot:5)
  the Lernaean hydra (Swamp:4)
  Geryon (Hell)
  A profane servitor (Tar:7)
  The ghost of Droegar the Slayer, an adept MiBe of Trog (Vaults:2)
  2 golden dragons (Zig:11)
  A Tzitzimitl (Tar:7)
  A doom hound (Tar:7)
  2 tentacled monstrosities
  A tainted leviathan (Tar:7)
  An Ice Fiend (Coc:7)
  2 titans (Vaults:5)
  12 Orb Guardians (Zot:5)
  4 Executioners (Pan)
  21 acid blobs
  4 shadow dragons
  A death cob (Zot:5)
  An ancient champion (Tomb:3)
  2 storm dragons (Vaults:5)
  A fenstrider witch (Swamp:4)
  2 tengu reavers (Vaults:5)
  2 narguns (Coc:7)
  7 rockslimes
  6 azure jellies
  3 nagarajas
  2 revenants (Tomb:2)
  3 fire giants (Vaults:5)
  A demonspawn warmonger (Pan)
  An iron dragon (Zig:11)
  A frost giant (Coc:7)
  2 balrugs
  2 curse skulls (Pan)
  6 vault wardens (Vaults:5)
  3 ironbound preservers (Vaults:5)
  A war gargoyle (Vaults:5)
  A caustic shrike skeleton (Pan)
  6 quicksilver oozes
  A reaper (Hell)
  2 stone giants
  5 very ugly things
  4 bennus (Tomb:3)
  2 ironbound thunderhulks
  An elemental wellspring (Coc:7)
  4 putrid mouths
  2 eleionomae (Swamp:4)
  A green draconian (Zot:4)
  A yellow draconian (Zot:4)
  A wendigo (Coc:7)
  A black draconian (Zot:5)
  2 bunyips
  An entropy weaver (Vaults:5)
  2 red draconians
  A bunyip (shapeshifter) (Vaults:5)
  A purple draconian (Zot:5)
  A spectral iron giant (Tar:7)
  2 blizzard demons
  7 mummy priests
  4 yaktaur captains (Vaults:5)
  2 ettins
  3 fire dragons
  A deep elf high priest (Vaults:5)
  A shambling mangrove (Swamp:3)
  9 great orbs of eyes
  11 hydras (Swamp:4)
  4 vault guards (Vaults:5)
  4 anacondas
  3 salamander tyrants (Snake:4)
  2 ogre magi (Vaults:5)
  A spriggan skeleton (Tomb:2)
  A catoblepas (Lair:3)
  An ironbound frostheart (Vaults:5)
  4 two-headed ogres (Vaults:5)
  10 naga warriors
  5 alligators
  4 naga sharpshooters
  2 death scarabs (Tomb:2)
  2 shock serpents
  4 soul eaters
  A deep troll earth mage (Vaults:5)
  A hell knight (Vaults:5)
  11 sun demons
  9 deep trolls
  3 salamander mystics (Snake:4)
  5 skeletal warriors (Tomb:3)
  5 sea snakes (Snake:2)
  2 naga ritualists
  3 shadow wraiths (Pan)
  2 spriggan druids
  A bunyip zombie (Vaults:5)
  10 swamp dragons
  9 bog bodies (Swamp:4)
  3 phantasmal warriors
  A wizard (Pan)
  3 necromancers (Vaults:5)
  An orc knight (Vaults:5)
  A harpy (Vaults:2)
  3 ironbound convokers
  2 mana vipers
  4 shining eyes
  2 will-o-the-wisps (Swamp:4)
  8 salamanders (Snake:4)
  3 elephants (Lair:3)
  4 vault sentinels
  5 naga magi
  2 eyes of devastation (Slime:5)
  20 black mambas
  2 guardian serpents
  A rust devil (Hell)
  4 smoke demons (Pan)
  A dire elephant skeleton (Pan)
  5 demonic crawlers (Pan)
  6 cane toads
  A komodo dragon (Lair:1)
  A hellion (Pan)
  5 yaktaurs
  A freezing wraith (Vaults:5)
  An ice devil (Zot:5)
  23 guardian mummies
  2 hydra zombies (Hell)
  A polar bear (Lair:3)
  A harpy zombie (Tomb:3)
  3 tyrant leeches
  5 hornets
  63 slime creatures
  4 large abominations (Pan)
  8 blink frogs
  A slime creature (shapeshifter) (Vaults:5)
  7 flying skulls (Tomb:3)
  2 spriggans
  A wraith (D:12)
  2 wyverns
  A yak (Lair:1)
  2 ushabtiu (Tomb:2)
  2 neqoxecs (Pan)
  2 swamp worms
  23 nagas
  3 water moccasins (Lair:3)
  9 swamp drakes
  2 ogres (Vaults:5)
  6 wolves (Lair:3)
  A boggart (Vaults:1)
  A swamp dragon skeleton (Tomb:2)
  A yaktaur zombie (Vaults:2)
  3 bullfrogs (Lair:3)
  An orc priest (D:12)
  An orc wizard (D:12)
  7 hell rats (Lair:3)
  14 mummies
  2 orcs (Vaults:5)
  4 fungi (Swamp:4)
599 creatures vanquished.

Vanquished Creatures (others)
  A searing wretch (Geh:5)
  An eldritch tentacle (Pan)
  A sphinx (Vaults:5)
  A draconian annihilator (Pan)
  A blizzard demon (Hell)
  A green death (Pan)
  A bennu zombie (Tomb:3)
  A titan zombie (Vaults:5)
  A quicksilver ooze zombie (Slime:4)
  A shadow wraith (Vaults:4)
  2 storm dragon zombies (Vaults:5)
  A sixfirhy (Pan)
  An entropy weaver zombie (Vaults:5)
  A goliath frog (Swamp:3)
  2 very ugly thing zombies (Vaults:5)
  2 wizards (Pan)
  A tengu zombie (Vaults:5)
  A sphinx zombie (Vaults:5)
  A shadow dragon zombie (Vaults:5)
  A fire giant zombie (Vaults:5)
  A goliath frog zombie (Swamp:3)
  A stone giant zombie (Vaults:5)
  A guardian serpent (Snake:4)
  A harpy zombie (Vaults:2)
  2 hellwings (Pan)
  2 iron giant simulacra
  30 human zombies (Vaults:5)
  2 bloated husks (Swamp:1)
  A blink frog (Lair:3)
  A centaur simulacrum (Coc:1)
  4 slime creature zombies
  A neqoxec (Pan)
  3 ogre zombies (Vaults:5)
  A harpy simulacrum (Coc:3)
  A cane toad zombie (Lair:3)
  3 two-headed ogre zombies (Vaults:5)
  A hydra simulacrum (Coc:1)
  A ghost crab zombie (Swamp:3)
  An elephant zombie (Lair:3)
  3 blink frog zombies (Lair:3)
  9 yaktaur zombies
  2 wyvern zombies
  5 yak zombies (Lair:1)
  A naga zombie (Lair:3)
  A hobgoblin (D:3)
  3 gnoll zombies (D:8)
  2 ball lightnings (Pan)
  A creeping inferno (Geh:2)
  4 foxfires (Swamp:4)
  11 fungi
  39 plants
  7 tentacles (Tar:7)
  12 withered plants (D:15)
181 creatures vanquished.

Grand Total: 2246 creatures vanquished

Notes
Turn   | Place    | Note
-------+----------+-------------------------------------------
     0 | D:1      | Sapher the Meteoran Earth Elementalist began the quest for
                  | the Orb.
     0 | D:1      | Reached XP level 1. HP: 14/14 MP: 5/5
    23 | D:1      | Learned a level 1 spell: Apportation
    48 | D:2      | Reached XP level 2. HP: 11/20 MP: 0/7
    72 | D:2      | Learned a level 2 spell: Passwall
    90 | D:4      | Noticed a scorpion
    94 | D:4      | Killed a scorpion
    95 | D:4      | Reached skill level 5 in Earth Magic
    95 | D:4      | Reached XP level 3. HP: 13/26 MP: 5/9
    95 | D:4      | Reached XP level 4. HP: 17/33 MP: 5/10
    99 | D:4      | Learned a level 3 spell: Stone Arrow
   123 | D:4      | Found a staircase to the Ecumenical Temple.
   128 | Temple   | Entered the Ecumenical Temple
   137 | Temple   | Became a worshipper of Cheibriados the Contemplative
   167 | D:4      | Reached XP level 5. HP: 20/38 MP: 8/11
   170 | D:4      | Reached skill level 1 in Conjurations
   180 | D:4      | Learned a level 5 spell: Borgnjor's Vile Clutch
   200 | D:4      | Reached skill level 1 in Necromancy
   207 | D:5      | Entered Level 5 of the Dungeon
   220 | D:5      | Reached XP level 6. HP: 45/45 MP: 9/13
   255 | D:6      | Reached XP level 7. HP: 42/50 MP: 9/14
   274 | D:6      | Noticed Grinder
   278 | D:6      | Killed Grinder
   279 | D:6      | Reached skill level 5 in Spellcasting
   285 | D:6      | Found an iron altar of Okawaru.
   291 | D:6      | Reached * piety under Cheibriados
   330 | D:6      | Learned a level 4 spell: Animate Dead
   362 | D:7      | Reached XP level 8. HP: 31/57 MP: 8/16
   367 | D:7      | Noticed a vampire mosquito
   367 | D:7      | Noticed a vampire mosquito
   387 | D:7      | Reached skill level 1 in Translocations
   390 | D:7      | Gained mutation: You are frail. (-10% HP) [mutagenic glow]
   404 | D:7      | Gained mutation: You are very frail. (-20% HP) [mutagenic
                  | glow]
   410 | D:6      | Gained mutation: You are weak. (Str -2) [mutagenic glow]
   421 | D:7      | Gained mutation: You occasionally lose the ability to drink
                  | potions when taking damage. [mutagenic glow]
   441 | D:8      | Gained mutation: Armour fits poorly on your strangely
                  | shaped body. [mutagenic glow]
   445 | D:8      | Lost mutation: You are weak. (Str -2) [potion of mutation]
   445 | D:8      | Lost mutation: You occasionally lose the ability to drink
                  | potions when taking damage. [potion of mutation]
   445 | D:8      | Lost mutation: Armour fits poorly on your strangely shaped
                  | body. [potion of mutation]
   468 | D:8      | Found Dohel's Antique Armour Shoppe.
   511 | D:8      | Reached skill level 1 in Evocations
   590 | D:10     | Entered Level 10 of the Dungeon
   634 | D:11     | Gained mutation: You passively map the area around you.
                  | [Meteoran growth]
   634 | D:11     | Reached XP level 9. HP: 49/49 MP: 18/20
   636 | D:11     | Noticed a manticore
   638 | D:11     | Noticed a troll
   641 | D:11     | Noticed a red ugly thing
   642 | D:11     | Killed a manticore
   645 | D:11     | Killed a troll
   645 | D:11     | Reached ** piety under Cheibriados
   650 | D:11     | Found a staircase to the Lair.
   663 | D:11     | Killed a red ugly thing
   664 | D:11     | Reached XP level 10. HP: 55/55 MP: 19/24
   671 | D:11     | Learned a level 6 spell: Statue Form
   680 | Lair:1   | Entered Level 1 of the Lair of Beasts
   682 | Lair:1   | Found a transporter.
   698 | Lair:1   | Noticed a cane toad
   700 | Lair:1   | Reached skill level 10 in Spellcasting
   703 | Lair:1   | Gained mutation: You are agile. (Dex +4, Str/Int -1)
                  | [mutagenic glow]
   709 | Lair:1   | Killed a cane toad
   724 | Lair:1   | Noticed a komodo dragon
   729 | Lair:1   | Killed a komodo dragon
   732 | Lair:1   | Noticed a cane toad
   736 | Lair:1   | Killed a cane toad
   750 | Lair:1   | Found a transporter.
   764 | Lair:1   | Reached XP level 11. HP: 64/65 MP: 24/27
   770 | Lair:1   | Identified the +4 hat of Free Expression {rC+ rN+ rCorr
                  | Slay-4}
   839 | Lair:2   | Reached skill level 5 in Necromancy
   847 | Lair:2   | Found a staircase to the Swamp.
   862 | Lair:2   | Learned a level 6 spell: Death Channel
   869 | Lair:2   | Learned a level 6 spell: Simulacrum
   876 | Swamp:1  | Entered Level 1 of the Swamp
   881 | Swamp:1  | Reached *** piety under Cheibriados
   892 | Swamp:1  | Noticed Sapher's ghost (journeyman OpTm)
   892 | Swamp:1  | Noticed a tentacled monstrosity
   892 | Swamp:1  | Noticed a spriggan berserker
   892 | Swamp:1  | Noticed a shambling mangrove
   892 | Swamp:1  | Noticed an eleionoma
   892 | Swamp:1  | Noticed a spriggan rider
   895 | Swamp:1  | Noticed a spriggan druid
   898 | Swamp:1  | Found a runed translucent gate.
   898 | Swamp:1  | Found a runed translucent gate.
   898 | Swamp:1  | Found a runed translucent gate.
   898 | Swamp:1  | Killed a spriggan druid
   901 | Swamp:1  | Noticed an eleionoma
   906 | Swamp:1  | Killed an eleionoma
   928 | Swamp:2  | Found a transporter.
   928 | Swamp:2  | Noticed a tentacled monstrosity
   928 | Swamp:2  | Noticed a bunyip
   929 | Swamp:2  | Noticed an alligator
   930 | Swamp:2  | Noticed a ghoul
   930 | Swamp:2  | Noticed a spriggan berserker
   930 | Swamp:2  | Noticed a spriggan rider
   933 | Swamp:2  | Noticed a death drake
   934 | Swamp:2  | Noticed a thorn hunter
   934 | Swamp:2  | Noticed Sapher's ghost (journeyman MeEE)
   944 | Swamp:3  | Noticed a ghost crab
   944 | Swamp:3  | Noticed a goliath frog
   948 | Swamp:3  | Killed a goliath frog
   949 | Swamp:3  | Reached skill level 1 in Invocations
   949 | Swamp:3  | Killed a ghost crab
   968 | Swamp:3  | Noticed a spriggan rider
   970 | Swamp:3  | Noticed a shambling mangrove
   971 | Swamp:3  | Noticed a bunyip
   973 | Swamp:3  | Killed a bunyip
   974 | Swamp:3  | Reached skill level 5 in Ice Magic
   974 | Swamp:3  | Reached XP level 12. HP: 52/71 MP: 2/30
   974 | Swamp:3  | Killed a shambling mangrove
   981 | Swamp:3  | Noticed an alligator
   983 | Swamp:3  | Noticed an alligator
   985 | Swamp:3  | Killed an alligator
   985 | Swamp:3  | Killed an alligator
  1033 | Swamp:3  | Noticed a swamp dragon
  1033 | Swamp:3  | Noticed a swamp dragon
  1037 | Swamp:3  | Noticed a spriggan druid
  1037 | Swamp:3  | Killed a swamp dragon
  1040 | Swamp:3  | Killed a spriggan druid
  1041 | Swamp:3  | Killed a swamp dragon
  1044 | Swamp:4  | Entered Level 4 of the Swamp
  1044 | Swamp:4  | Noticed a seven-headed hydra
  1044 | Swamp:4  | Noticed an alligator
  1044 | Swamp:4  | Noticed a bunyip
  1048 | Swamp:4  | Noticed a swamp dragon
  1048 | Swamp:4  | Noticed an eleionoma
  1050 | Swamp:4  | Noticed a spriggan rider
  1051 | Swamp:4  | Killed a seven-headed hydra
  1051 | Swamp:4  | Killed a bunyip
  1052 | Swamp:4  | Killed an eleionoma
  1052 | Swamp:4  | Reached **** piety under Cheibriados
  1053 | Swamp:4  | Reached XP level 13. HP: 67/75 MP: 0/31
  1053 | Swamp:4  | Noticed a five-headed hydra
  1054 | Swamp:4  | Killed an alligator
  1055 | Swamp:4  | Killed a five-headed hydra
  1056 | Swamp:4  | Noticed a five-headed hydra
  1057 | Swamp:4  | Killed a five-headed hydra
  1067 | Swamp:4  | Noticed a bunyip
  1067 | Swamp:4  | Killed a bunyip
  1068 | Swamp:4  | Reached skill level 15 in Spellcasting
  1073 | Swamp:4  | Noticed an eleionoma
  1074 | Swamp:4  | Noticed an alligator
  1074 | Swamp:4  | Killed an eleionoma
  1075 | Swamp:4  | Noticed an alligator
  1076 | Swamp:4  | Killed an alligator
  1076 | Swamp:4  | Killed an alligator
  1077 | Swamp:4  | Noticed an alligator
  1077 | Swamp:4  | Killed an alligator
  1082 | Swamp:4  | Noticed an eight-headed hydra
  1085 | Swamp:4  | Noticed an eight-headed hydra
  1085 | Swamp:4  | Killed an eight-headed hydra
  1086 | Swamp:4  | Killed an eight-headed hydra
  1086 | Swamp:4  | Noticed a five-headed hydra
  1087 | Swamp:4  | Reached skill level 5 in Invocations
  1087 | Swamp:4  | Killed a five-headed hydra
  1091 | Swamp:4  | Reached XP level 14. HP: 81/81 MP: 28/36
  1091 | Swamp:4  | Noticed a fenstrider witch
  1093 | Swamp:4  | Killed a fenstrider witch
  1093 | Swamp:4  | Reached ***** piety under Cheibriados
  1094 | Swamp:4  | Reached skill level 5 in Dodging
  1096 | Swamp:4  | Reached skill level 5 in Fighting
  1120 | Swamp:4  | Noticed the 27-headed Lernaean hydra
  1121 | Swamp:4  | Killed the 27-headed Lernaean hydra
  1124 | Swamp:4  | Got a decaying rune of Zot
  1282 | Lair:3   | Noticed Fannar
  1289 | Lair:3   | Killed Fannar
  1290 | Lair:3   | Reached XP level 15. HP: 49/90 MP: 4/38
  1292 | Lair:3   | Reached ****** piety under Cheibriados
  1309 | Lair:3   | Reached skill level 5 in Unarmed Combat
  1326 | Lair:3   | Found a staircase to the Snake Pit.
  1333 | Snake:1  | Entered Level 1 of the Snake Pit
  1403 | Snake:2  | Reached skill level 5 in Translocations
  1424 | Snake:2  | Identified the +0 leather armour of the Shoals {rC- rN++
                  | Int-4 Dex+8}
  1496 | Snake:3  | Reached skill level 1 in Fire Magic
  1498 | Snake:3  | Found a shimmering blue altar of Sif Muna.
  1534 | Snake:4  | Entered Level 4 of the Snake Pit
  1563 | Snake:4  | Reached skill level 5 in Fire Magic
  1569 | Snake:4  | Reached XP level 16. HP: 72/100 MP: 5/41
  1629 | Snake:3  | Noticed a nagaraja
  1634 | Snake:3  | Killed a nagaraja
  1693 | Snake:4  | Found an iron altar of Okawaru.
  1725 | Snake:4  | Noticed Donald
  1733 | Snake:4  | Killed Donald
  1734 | Snake:4  | Reached skill level 10 in Fire Magic
  1737 | Snake:4  | Noticed a nagaraja
  1741 | Snake:4  | Killed a nagaraja
  1742 | Snake:4  | Reached skill level 10 in Earth Magic
  1749 | Snake:4  | Learned a level 2 spell: Sublimation of Blood
  1772 | Snake:4  | Noticed a nagaraja
  1829 | Snake:4  | Killed a nagaraja
  1855 | Snake:4  | Reached XP level 17. HP: 105/105 MP: 4/42
  1933 | Snake:4  | Got a serpentine rune of Zot
  2053 | Lair:5   | Entered Level 5 of the Lair of Beasts
  2084 | Lair:4   | Found a viscous altar of Jiyva.
  2084 | Lair:4   | Found a staircase to the Slime Pits.
  2093 | Slime:1  | Entered Level 1 of the Pits of Slime
  2093 | Slime:1  | You fall into a shaft and drop 1 floor!
  2093 | Slime:2  | Noticed a rockslime
  2098 | Slime:2  | Killed a rockslime
  2112 | Slime:3  | Noticed an acid blob
  2112 | Slime:3  | Noticed a rockslime
  2115 | Slime:3  | Noticed a rockslime
  2116 | Slime:3  | Killed a rockslime
  2119 | Slime:3  | Killed an acid blob
  2119 | Slime:3  | Killed a rockslime
  2123 | Slime:3  | Reached skill level 15 in Earth Magic
  2132 | Slime:3  | Gained mutation: You sometimes lose your temper in combat.
                  | [a shining eye]
  2141 | Slime:3  | Noticed an acid blob
  2142 | Slime:3  | Killed an acid blob
  2155 | Slime:4  | Noticed an acid blob
  2155 | Slime:4  | Noticed a rockslime
  2171 | Slime:3  | You fall into a shaft and drop 1 floor!
  2173 | Slime:4  | Noticed a rockslime
  2174 | Slime:4  | Killed a rockslime
  2175 | Slime:4  | Killed an acid blob
  2175 | Slime:4  | Killed a rockslime
  2177 | Slime:4  | Noticed an azure jelly
  2181 | Slime:4  | Killed an azure jelly
  2187 | Slime:5  | Entered Level 5 of the Pits of Slime
  2189 | Slime:5  | Noticed a rockslime
  2193 | Slime:5  | Killed a rockslime
  2208 | Slime:5  | Noticed an acid blob
  2212 | Slime:5  | Gained mutation: You passively map a large area around you.
                  | [Meteoran growth]
  2212 | Slime:5  | Reached XP level 18. HP: 107/111 MP: 10/43
  2212 | Slime:5  | Killed an acid blob
  2213 | Slime:5  | Noticed an acid blob
  2213 | Slime:5  | Noticed an acid blob
  2215 | Slime:5  | Killed an acid blob
  2218 | Slime:5  | Killed an acid blob
  2246 | Slime:5  | Noticed an acid blob
  2247 | Slime:5  | Killed an acid blob
  2252 | Slime:5  | Noticed an acid blob
  2252 | Slime:5  | Killed an acid blob
  2273 | Slime:5  | Found a viscous altar of Jiyva.
  2274 | Slime:5  | Noticed an acid blob
  2277 | Slime:5  | Noticed an acid blob
  2284 | Slime:5  | Killed an acid blob
  2290 | Slime:5  | Killed an acid blob
  2359 | Slime:5  | Noticed an acid blob
  2364 | Slime:5  | Killed an acid blob
  2385 | Slime:5  | Noticed an acid blob
  2388 | Slime:5  | Killed an acid blob
  2392 | Slime:5  | Noticed the Royal Jelly
  2394 | Slime:5  | Noticed an acid blob
  2394 | Slime:5  | Noticed an acid blob
  2396 | Slime:5  | Killed an acid blob
  2396 | Slime:5  | Killed an acid blob
  2397 | Slime:5  | Noticed an acid blob
  2397 | Slime:5  | Noticed an acid blob
  2397 | Slime:5  | Noticed an acid blob
  2397 | Slime:5  | Killed an acid blob
  2398 | Slime:5  | Noticed an acid blob
  2399 | Slime:5  | Noticed an acid blob
  2399 | Slime:5  | Killed an acid blob
  2399 | Slime:5  | Killed an acid blob
  2400 | Slime:5  | Noticed an acid blob
  2400 | Slime:5  | Killed an acid blob
  2403 | Slime:5  | Noticed an acid blob
  2403 | Slime:5  | Killed the Royal Jelly
  2404 | Slime:5  | Killed an acid blob
  2404 | Slime:5  | Killed an acid blob
  2405 | Slime:5  | Killed an acid blob
  2417 | Slime:5  | Identified the +0 dagger of Divine Guilt {flame, Str+6
                  | Dex-5 Stlth+}
  2421 | Slime:5  | Got a slimy rune of Zot
  2440 | Slime:5  | Identified the +7 falchion "Xianaos" {vamp, rPois rF++ rC-
                  | Stlth+}
  2446 | Slime:5  | Identified the ring "Egruunua" {*Slow rPois Will+ EV+4
                  | Str+3}
  2515 | Slime:1  | Noticed an acid blob
  2515 | Slime:1  | Noticed an acid blob
  2519 | Slime:1  | Killed an acid blob
  2521 | Slime:1  | Killed an acid blob
  2524 | Slime:1  | Noticed an acid blob
  2526 | Slime:1  | Killed an acid blob
  2593 | Lair:3   | Identified a scroll of acquirement
  2593 | Lair:3   | Acquired a book of Annihilations
  2605 | Lair:3   | Learned a level 9 spell: Shatter
  2764 | D:12     | Reached XP level 19. HP: 116/116 MP: 29/44
  2806 | D:13     | Noticed Maurice
  2808 | D:13     | Killed Maurice
  2850 | D:14     | Found a gate to the Vaults.
  2862 | D:14     | Learned a level 5 spell: Irradiate
  2866 | Vaults:1 | Entered Level 1 of the Vaults
  2908 | Vaults:2 | Noticed Droegar's ghost (adept MiBe)
  2919 | Vaults:2 | Found a runed translucent gate.
  2919 | Vaults:2 | Found an opulent altar of Gozag.
  2919 | Vaults:2 | Found a runed translucent gate.
  2919 | Vaults:2 | Found a runed translucent gate.
  2919 | Vaults:2 | Found Toicowif's Assorted Antiques.
  2920 | Vaults:2 | Killed Droegar's ghost
  2929 | Vaults:2 | Bought a glittering granite ring for 230 gold pieces
  2929 | Vaults:2 | Identified the ring "Qacwaho" {rPois Will+ Str+2} (You
                  | bought it in a shop on level 2 of the Vaults)
  2945 | Vaults:2 | Found a staircase to the Crypt.
  2950 | Vaults:3 | Lost mutation: You sometimes lose your temper in combat.
                  | [potion of mutation]
  2950 | Vaults:3 | Lost mutation: You are agile. (Dex +4, Str/Int -1) [potion
                  | of mutation]
  2950 | Vaults:3 | Gained mutation: You are agile. (Dex +4, Str/Int -1)
                  | [potion of mutation]
  2950 | Vaults:3 | Gained mutation: You are partially covered in iridescent
                  | scales. (AC +2) [potion of mutation]
  2950 | Vaults:3 | Gained mutation: You are somewhat resistant to further
                  | mutation. [potion of mutation]
  3007 | Vaults:3 | Reached skill level 10 in Dodging
  3040 | Vaults:4 | Noticed a tentacled monstrosity
  3041 | Vaults:4 | Reached skill level 10 in Invocations
  3045 | Vaults:4 | Killed a tentacled monstrosity
  3050 | Vaults:3 | You fall into a shaft and drop 1 floor!
  3078 | Vaults:5 | Entered Level 5 of the Vaults
  3080 | Vaults:5 | Noticed a dread lich
  3081 | Vaults:5 | Reached XP level 20. HP: 126/126 MP: 34/45
  3084 | Vaults:5 | Noticed a golden dragon
  3085 | Vaults:5 | Killed a dread lich
  3089 | Vaults:5 | Killed a golden dragon
  3093 | Vaults:5 | Reached skill level 5 in Evocations
  3106 | Vaults:5 | Identified the amulet "Juylorch" {Reflect rF+ rN+ SH+5}
  3130 | Vaults:5 | Killed an ancient lich
  3131 | Vaults:5 | Identified the ring "Cen Oki" {rElec rN++ MP+9 EV+4 Str-5}
  3134 | Vaults:5 | Reached XP level 21. HP: 132/132 MP: 14/48
  3136 | Vaults:5 | Reached XP level 22. HP: 139/139 MP: 5/49
  3160 | Vaults:5 | Noticed a dread lich
  3166 | Vaults:5 | Killed a dread lich
  3236 | Vaults:5 | Got a silver rune of Zot
  3240 | Vaults:5 | sentinel: insane spells
  3240 | Vaults:5 | sentinel: and pace
  3257 | Vaults:5 | sentinel: dump?
  3345 | Crypt:1  | Entered Level 1 of the Crypt
  3387 | Crypt:3  | Entered Level 3 of the Crypt
  3398 | Crypt:3  | Reached XP level 23. HP: 144/144 MP: 48/53
  3409 | Crypt:3  | Noticed a bone dragon
  3411 | Crypt:3  | Found a staircase to the Tomb.
  3416 | Crypt:3  | Killed a bone dragon
  3420 | Crypt:3  | Got Borgnjor's Opusculum on Profane Liturgies
  3421 | Crypt:3  | Identified the ring of Wyfocyox {Wiz rElec Str+3}
  3425 | Tomb:1   | Entered Level 1 of the Tomb of the Ancients
  3442 | Tomb:1   | Learned a level 8 spell: Infestation
  3442 | Tomb:1   | Goblin1989: привет )))
  3470 | Tomb:1   | Sapher: hihi
  3470 | Tomb:1   | Goblin1989: что случится когда счетчик обнулится?
  3470 | Tomb:1   | Sapher: nothing, it won't
  3470 | Tomb:1   | Sapher: i play fast!
  3475 | Tomb:1   | Noticed a royal mummy
  3475 | Tomb:1   | Noticed a royal mummy
  3475 | Tomb:1   | Noticed a royal mummy
  3475 | Tomb:1   | Noticed a royal mummy
  3476 | Tomb:1   | Noticed a royal mummy
  3479 | Tomb:1   | Killed a royal mummy
  3479 | Tomb:1   | Killed a royal mummy
  3480 | Tomb:1   | Reached skill level 10 in Necromancy
  3482 | Tomb:1   | Killed a royal mummy
  3482 | Tomb:1   | Killed a royal mummy
  3482 | Tomb:1   | Killed a royal mummy
  3490 | Tomb:1   | Goblin1989: сколько рун уже собрал?
  3508 | Tomb:2   | Noticed a royal mummy
  3508 | Tomb:2   | Noticed a royal mummy
  3509 | Tomb:2   | Noticed a royal mummy
  3510 | Tomb:2   | Noticed a royal mummy
  3512 | Tomb:2   | Killed a royal mummy
  3514 | Tomb:2   | Killed a royal mummy
  3515 | Tomb:2   | Killed a royal mummy
  3520 | Tomb:2   | Killed a royal mummy
  3525 | Tomb:2   | Sapher: oops
  3533 | Tomb:2   | Goblin1989: какую рассу удалили дэвы в новой версии, не в
                  | курсе? я так понял они огров переделали, но вроде еще
                  | кого-то не хватает
  3574 | Tomb:3   | Entered Level 3 of the Tomb of the Ancients
  3583 | Tomb:3   | Noticed a royal mummy
  3588 | Tomb:3   | Reached skill level 10 in Fighting
  3588 | Tomb:3   | Killed a royal mummy
  3589 | Tomb:3   | Reached XP level 24. HP: 143/151 MP: 31/54
  3592 | Tomb:3   | Sapher: огров удалили по идее
  3596 | Tomb:3   | Noticed a royal mummy
  3599 | Tomb:3   | Noticed a royal mummy
  3602 | Tomb:3   | Noticed a royal mummy
  3602 | Tomb:3   | Noticed a royal mummy
  3603 | Tomb:3   | Killed a royal mummy
  3603 | Tomb:3   | Noticed a royal mummy
  3605 | Tomb:3   | Killed a royal mummy
  3606 | Tomb:3   | Killed a royal mummy
  3607 | Tomb:3   | Killed a royal mummy
  3607 | Tomb:3   | Noticed a royal mummy
  3609 | Tomb:3   | Sapher: -5 out of 9
  3609 | Tomb:3   | Noticed a royal mummy
  3621 | Tomb:3   | Killed a royal mummy
  3627 | Tomb:3   | Killed a royal mummy
  3628 | Tomb:3   | Killed a royal mummy
  3635 | Tomb:3   | Identified the +3 leather armour of Hotet {Int+8}
  3636 | Tomb:3   | Identified the ring of Rishric {Will+ MP+9 Str+2 Dex-3
                  | SInv}
  3642 | Zig:1    | Entered Level 1 of a ziggurat
  3654 | Zig:1    | Learned a level 8 spell: Ignition
  3674 | Zig:2    | Entered Level 2 of a ziggurat
  3691 | Zig:3    | Entered Level 3 of a ziggurat
  3694 | Zig:3    | Noticed a Killer Klown
  3695 | Zig:3    | Noticed a Killer Klown
  3696 | Zig:3    | Killed a Killer Klown
  3697 | Zig:3    | Killed a Killer Klown
  3706 | Zig:4    | Entered Level 4 of a ziggurat
  3722 | Zig:5    | Entered Level 5 of a ziggurat
  3727 | Zig:5    | Noticed a dread lich
  3731 | Zig:5    | Killed a dread lich
  3744 | Zig:6    | Entered Level 6 of a ziggurat
  3753 | Zig:6    | Reached skill level 15 in Fire Magic
  3762 | Zig:7    | Entered Level 7 of a ziggurat
  3767 | Zig:7    | Noticed a royal mummy
  3770 | Zig:7    | Noticed a royal mummy
  3772 | Zig:7    | Reached skill level 1 in Shields
  3772 | Zig:7    | Reached skill level 27 in Spellcasting
  3773 | Zig:7    | Killed a royal mummy
  3775 | Zig:7    | Killed a royal mummy
  3782 | Zig:7    | Identified the amulet "Adeleoll" {Spirit Harm Slay+3 SInv}
  3784 | Zig:7    | Identified the ring "Fuerim" {rN+ SInv Stlth+}
  3787 | Zig:7    | Lost mutation: You are partially covered in iridescent
                  | scales. (AC +2) [potion of mutation]
  3787 | Zig:7    | Lost mutation: You are somewhat resistant to further
                  | mutation. [potion of mutation]
  3787 | Zig:7    | Lost mutation: You are very frail. (-20% HP) [potion of
                  | mutation]
  3787 | Zig:7    | Lost mutation: You are frail. (-10% HP) [potion of
                  | mutation]
  3787 | Zig:7    | Gained mutation: You passively dampen the noise of your
                  | surroundings. [potion of mutation]
  3787 | Zig:7    | Gained mutation: Your mind is acute. (Int +4, Str/Dex -1)
                  | [potion of mutation]
  3791 | Zig:8    | Entered Level 8 of a ziggurat
  3797 | Zig:8    | Noticed a caustic shrike
  3799 | Zig:8    | Reached XP level 25. HP: 169/199 MP: 55/55
  3800 | Zig:8    | Killed a caustic shrike
  3811 | Zig:8    | Got the Octavo of the Swarm and the Summer
  3811 | Zig:8    | Got the Volume of Beckoning
  3812 | Zig:8    | Reached XP level 26. HP: 200/206 MP: 55/55
  3817 | Zig:9    | Entered Level 9 of a ziggurat
  3824 | Zig:9    | Noticed an ancient lich
  3824 | Zig:9    | Noticed an ancient lich
  3826 | Zig:9    | Killed an ancient lich
  3830 | Zig:9    | Reached skill level 10 in Transmutations
  3833 | Zig:9    | Killed an ancient lich
  3841 | Zig:9    | Reached XP level 27. HP: 213/213 MP: 39/55
  3844 | Zig:9    | Identified the ring of the Empty Page {rF+ rCorr Int+6}
  3847 | Zig:10   | Entered Level 10 of a ziggurat
  3854 | Zig:10   | Noticed an ancient lich
  3855 | Zig:10   | Noticed an ancient lich
  3856 | Zig:10   | Killed an ancient lich
  3857 | Zig:10   | Killed an ancient lich
  3871 | Zig:10   | Identified the ring "Qengoph" {Ice rElec}
  3875 | Zig:10   | Identified the +3 ring mail of the Weak God {rF+ Str+4}
  3878 | Zig:11   | Entered Level 11 of a ziggurat
  3917 | Zig:12   | Entered Level 12 of a ziggurat
  3924 | Zig:12   | Noticed a caustic shrike
  3925 | Zig:12   | Noticed a caustic shrike
  3929 | Zig:12   | Killed a caustic shrike
  3930 | Zig:12   | Killed a caustic shrike
  3931 | Zig:12   | Reached skill level 5 in Armour
  3939 | Zig:12   | Identified the -2 pair of boots "Senam" {rF+ rN+ MP+9
                  | Dex-5}
  3944 | Zig:12   | Identified the +6 sling of the Firefly {venom, Fragile
                  | Str+3 Int+2 Stlth+}
  3951 | Zig:12   | Learned a level 4 spell: Passage of Golubria
  3971 | Tomb:3   | Got a golden rune of Zot
  3998 | Tomb:1   | Noticed a royal mummy
  3998 | Tomb:1   | Noticed a royal mummy
  4003 | Tomb:1   | Killed a royal mummy
  4125 | Vaults:2 | Reached skill level 5 in Conjurations
  4185 | D:14     | Learned a level 8 spell: Lehudib's Crystal Spear
  4197 | D:14     | Found Koqephir's Magic Scroll Emporium.
  4203 | D:14     | Bought a scroll of blinking for 112 gold pieces
  4203 | D:14     | Bought a scroll of teleportation for 45 gold pieces
  4203 | D:14     | Bought a scroll of teleportation for 45 gold pieces
  4210 | D:15     | Entered Level 15 of the Dungeon
  4220 | D:15     | Found a staircase to the Depths.
  4232 | D:15     | Learned a level 2 spell: Blink
  4233 | Depths:1 | Entered Level 1 of the Depths
  4238 | Depths:1 | Found a gateway to Hell.
  4265 | Depths:2 | Noticed the Enchantress
  4267 | Depths:2 | Killed the Enchantress
  4283 | Depths:3 | Found a basalt altar of Yredelemnul.
  4292 | Depths:4 | Entered Level 4 of the Depths
  4296 | Depths:4 | Found a one-way gate leading to the halls of Pandemonium.
  4303 | Pan      | Entered Pandemonium
  4310 | Pan      | Entered the realm of Cerebov.
  4322 | Pan      | Found the +6 sword of Cerebov {flame}
  4322 | Pan      | Noticed Cerebov
  4324 | Pan      | Got a fiery rune of Zot
  4341 | Pan      | Entered the realm of Mnoleg.
  4342 | Pan      | Gained mutation: Your spells are a little easier to cast,
                  | but a little less powerful. [a cacodemon]
  4346 | Pan      | Gained mutation: You are weak. (Str -2) [a cacodemon]
  4360 | Pan      | Gained mutation: You occasionally lose the ability to read
                  | scrolls when taking damage. [a neqoxec]
  4363 | Pan      | Gained mutation: You sometimes lose your temper in combat.
                  | [a cacodemon]
  4366 | Pan      | Lost mutation: You are agile. (Dex +4, Str/Int -1) [a
                  | neqoxec]
  4368 | Pan      | Noticed Mnoleg
  4369 | Pan      | Gained mutation: Your natural rate of healing is unusually
                  | fast. [a cacodemon]
  4373 | Pan      | Gained mutation: You are clumsy. (Dex -2) [a neqoxec]
  4391 | Pan      | Killed Mnoleg
  4392 | Pan      | Reached skill level 15 in Dodging
  4400 | Pan      | Found an exit through the horrors of the Abyss.
  4402 | Pan      | Gained mutation: Your body sometimes deteriorates upon
                  | taking damage. [a cacodemon]
  4408 | Pan      | Gained mutation: You occasionally shout uncontrollably at
                  | your foes. [a neqoxec]
  4408 | Pan      | Gained mutation: You are frail. (-10% HP) [a neqoxec]
  4414 | Pan      | Gained mutation: You are very frail. (-20% HP) [a neqoxec]
  4438 | Pan      | Got a glowing rune of Zot
  4445 | Pan      | Lost mutation: You passively dampen the noise of your
                  | surroundings. [a cacodemon]
  4456 | Pan      | Entered the realm of Lom Lobon.
  4469 | Pan      | Noticed Lom Lobon
  4488 | Pan      | Killed Lom Lobon
  4493 | Pan      | Got a magical rune of Zot
  4534 | Pan      | Entered the realm of Gloorx Vloq.
  4566 | Pan      | Noticed Gloorx Vloq
  4570 | Pan      | Killed Gloorx Vloq
  4588 | Pan      | Got a dark rune of Zot
  4604 | Pan      | Noticed Mennas
  4715 | Pan      | Noticed Atauroad the pandemonium lord
  4719 | Pan      | Killed Atauroad the pandemonium lord
  4720 | Pan      | Reached skill level 15 in Fighting
  4770 | Pan      | Found the +6 sword of Cerebov {flame}
  4770 | Pan      | Noticed Cerebov
  4794 | Pan      | Noticed Edop the pandemonium lord
  4802 | Pan      | Lost mutation: You sometimes lose your temper in combat.
                  | [potion of mutation]
  4802 | Pan      | Lost mutation: You occasionally shout uncontrollably at
                  | your foes. [potion of mutation]
  4802 | Pan      | Lost mutation: You are very frail. (-20% HP) [potion of
                  | mutation]
  4802 | Pan      | Lost mutation: You are weak. (Str -2) [potion of mutation]
  4802 | Pan      | Killed Edop the pandemonium lord
  4807 | Pan      | Identified the ring of Poyriw {rPois rF+ rN+ Str+4}
  4809 | Pan      | Got a demonic rune of Zot
  4823 | Pan      | Noticed Xeisiq the pandemonium lord
  4826 | Pan      | Killed Xeisiq the pandemonium lord
  4855 | Pan      | Found an exit through the horrors of the Abyss.
  4861 | Pan      | Took an exit into the Abyss.
  4861 | Abyss:1  | Escaped into the Abyss
  4875 | Abyss:3  | Gained mutation: Your body often deteriorates upon taking
                  | damage. [mutagenic glow]
  4886 | Abyss:3  | Found a corrupted altar of Lugonu.
  4906 | Abyss:4  | Gained mutation: You sometimes lose your temper in combat.
                  | [mutagenic glow]
  4914 | Abyss:4  | Gained mutation: You are weak. (Str -2) [mutagenic glow]
  4934 | Abyss:5  | Got an abyssal rune of Zot
  4936 | Abyss:5  | Found a corrupted altar of Lugonu.
  4985 | Depths:4 | Escaped the Abyss
  4996 | Hell     | Entered the Vestibule of Hell
  4996 | Hell     | Noticed Geryon
  5011 | Hell     | Reached skill level 10 in Evocations
  5012 | Hell     | Killed Geryon
  5015 | Hell     | Noticed Murray
  5016 | Hell     | Found a gateway to the freezing wastes of Cocytus.
  5020 | Hell     | Killed Murray
  5026 | Coc:1    | Entered Level 1 of Cocytus
  5087 | Coc:3    | Paralysed by a wendigo for 1 turns
  5093 | Coc:4    | Noticed a shard shrike
  5095 | Coc:4    | Noticed a shard shrike
  5097 | Coc:4    | Killed a shard shrike
  5103 | Coc:5    | Reached skill level 5 in Stealth
  5143 | Coc:7    | Entered Level 7 of Cocytus
  5143 | Coc:7    | Noticed a shard shrike
  5145 | Coc:7    | Killed a shard shrike
  5148 | Coc:7    | Noticed a shard shrike
  5150 | Coc:7    | Noticed a shard shrike
  5152 | Coc:7    | Killed a shard shrike
  5152 | Coc:7    | Killed a shard shrike
  5162 | Coc:7    | Noticed Antaeus
  5170 | Coc:7    | Noticed a shard shrike
  5171 | Coc:7    | Noticed a shard shrike
  5173 | Coc:7    | Noticed a shard shrike
  5173 | Coc:7    | Noticed a shard shrike
  5174 | Coc:7    | Killed a shard shrike
  5174 | Coc:7    | Killed a shard shrike
  5174 | Coc:7    | Killed a shard shrike
  5174 | Coc:7    | Killed a shard shrike
  5176 | Coc:7    | Noticed a shard shrike
  5177 | Coc:7    | Noticed a shard shrike
  5177 | Coc:7    | Noticed a shard shrike
  5177 | Coc:7    | Noticed a shard shrike
  5178 | Coc:7    | Killed a shard shrike
  5178 | Coc:7    | Killed a shard shrike
  5178 | Coc:7    | Noticed a shard shrike
  5179 | Coc:7    | Killed a shard shrike
  5179 | Coc:7    | Killed a shard shrike
  5179 | Coc:7    | Noticed a shard shrike
  5183 | Coc:7    | Killed a shard shrike
  5183 | Coc:7    | Killed a shard shrike
  5198 | Coc:7    | Got an icy rune of Zot
  5204 | Hell     | Lost mutation: Your natural rate of healing is unusually
                  | fast. [potion of mutation]
  5204 | Hell     | Lost mutation: You sometimes lose your temper in combat.
                  | [potion of mutation]
  5204 | Hell     | Gained mutation: You expend magic power (3 MP) to
                  | strengthen your wands. [potion of mutation]
  5216 | Hell     | Found a gateway to the decaying netherworld of Tartarus.
  5228 | Tar:1    | Entered Level 1 of Tartarus
  5362 | Tar:7    | Entered Level 7 of Tartarus
  5422 | Tar:7    | Octopus8Rings: wow is it a new species "Meteoran"?
  5422 | Tar:7    | Octopus8Rings: you have nice tactics
  5422 | Tar:7    | Octopus8Rings: I also play as a wizard, but Octopode
  5476 | Tar:7    | Found the +4 skin of Zhor {*Englaciate rC+++ SInv}
  5476 | Tar:7    | Noticed Ereshkigal
  5480 | Tar:7    | Got a bone rune of Zot
  5518 | Hell     | Found a gateway to the ashen valley of Gehenna.
  5524 | Geh:1    | Entered Level 1 of Gehenna
  5657 | Geh:7    | Entered Level 7 of Gehenna
  5694 | Geh:7    | Got an obsidian rune of Zot
  5695 | Geh:7    | Found the +7 sceptre of Asmodeus
  5695 | Geh:7    | Noticed Asmodeus
  5713 | Hell     | Found a gateway to the Iron City of Dis.
  5726 | Dis:1    | Entered Level 1 of the Iron City of Dis
  5746 | Dis:2    | Noticed a caustic shrike
  5746 | Dis:2    | Noticed a caustic shrike
  5746 | Dis:2    | Noticed a caustic shrike
  5747 | Dis:2    | Noticed a caustic shrike
  5747 | Dis:2    | Noticed a caustic shrike
  5747 | Dis:2    | Noticed a caustic shrike
  5747 | Dis:2    | Noticed a caustic shrike
  5752 | Dis:2    | Killed a caustic shrike
  5753 | Dis:2    | Killed a caustic shrike
  5753 | Dis:2    | Killed a caustic shrike
  5753 | Dis:2    | Killed a caustic shrike
  5755 | Dis:2    | Noticed a caustic shrike
  5755 | Dis:2    | Noticed a caustic shrike
  5755 | Dis:2    | Noticed a caustic shrike
  5755 | Dis:2    | Noticed a caustic shrike
  5755 | Dis:2    | Noticed a caustic shrike
  5755 | Dis:2    | Noticed a caustic shrike
  5755 | Dis:2    | Noticed a caustic shrike
  5755 | Dis:2    | Noticed a caustic shrike
  5756 | Dis:2    | Killed a caustic shrike
  5757 | Dis:2    | Killed a caustic shrike
  5757 | Dis:2    | Killed a caustic shrike
  5757 | Dis:2    | Killed a caustic shrike
  5757 | Dis:2    | Killed a caustic shrike
  5757 | Dis:2    | Killed a caustic shrike
  5757 | Dis:2    | Killed a caustic shrike
  5757 | Dis:2    | Noticed a caustic shrike
  5758 | Dis:2    | Killed a caustic shrike
  5758 | Dis:2    | Killed a caustic shrike
  5758 | Dis:2    | Killed a caustic shrike
  5758 | Dis:2    | Killed a caustic shrike
  5759 | Dis:2    | iamserjio: are you restarting because dont want speсs?
  5759 | Dis:2    | Sapher: no, i don't care about specs
  5759 | Dis:2    | Sapher: do what you like
  5759 | Dis:2    | Sapher: i just test some things
  5759 | Dis:2    | iamserjio: ok
  5762 | Dis:2    | Sapher: looks like i don't die yet
  5762 | Dis:2    | Sapher: 15 shrikes
  5762 | Dis:2    | Sapher: ambush
  5762 | Dis:2    | Sapher: ohoh
  5762 | Dis:2    | Sapher: also -scrolls mut
  5762 | Dis:2    | iamserjio: I saw it was very cliffhanger screen
  5764 | Dis:2    | Killed a caustic shrike
  5795 | Dis:3    | Killed an ancient lich
  5795 | Dis:3    | Noticed an ancient lich
  5795 | Dis:3    | Noticed a dread lich
  5795 | Dis:3    | Noticed a dread lich
  5795 | Dis:3    | Noticed a caustic shrike
  5795 | Dis:3    | Noticed an ancient lich
  5795 | Dis:3    | Noticed a caustic shrike
  5795 | Dis:3    | Noticed a dread lich
  5795 | Dis:3    | Noticed an ancient lich
  5796 | Dis:3    | Killed an ancient lich
  5796 | Dis:3    | Killed a dread lich
  5796 | Dis:3    | Killed a dread lich
  5796 | Dis:3    | Noticed a caustic shrike
  5797 | Dis:3    | Killed an ancient lich
  5797 | Dis:3    | Killed a dread lich
  5798 | Dis:3    | Killed a caustic shrike
  5798 | Dis:3    | Killed an ancient lich
  5799 | Dis:3    | Killed a caustic shrike
  5799 | Dis:3    | Killed a caustic shrike
  5811 | Dis:4    | Noticed a caustic shrike
  5812 | Dis:4    | Noticed a caustic shrike
  5813 | Dis:4    | Noticed a caustic shrike
  5813 | Dis:4    | Noticed a caustic shrike
  5814 | Dis:4    | Killed a caustic shrike
  5814 | Dis:4    | Killed a caustic shrike
  5815 | Dis:4    | Noticed a dread lich
  5817 | Dis:4    | Killed a caustic shrike
  5817 | Dis:4    | Killed a caustic shrike
  5817 | Dis:4    | Killed a dread lich
  5843 | Dis:4    | Noticed a caustic shrike
  5843 | Dis:4    | Noticed a caustic shrike
  5853 | Dis:4    | Noticed a caustic shrike
  5853 | Dis:4    | Noticed a caustic shrike
  5853 | Dis:4    | Noticed a caustic shrike
  5853 | Dis:4    | Noticed a caustic shrike
  5855 | Dis:4    | Noticed a caustic shrike
  5856 | Dis:4    | Killed a caustic shrike
  5856 | Dis:4    | Killed a caustic shrike
  5856 | Dis:4    | Killed a caustic shrike
  5856 | Dis:4    | Killed a caustic shrike
  5857 | Dis:4    | Killed a caustic shrike
  5860 | Dis:4    | Noticed a caustic shrike
  5881 | Dis:6    | Noticed a caustic shrike
  5881 | Dis:6    | Noticed a caustic shrike
  5881 | Dis:6    | Noticed a caustic shrike
  5881 | Dis:6    | Noticed a caustic shrike
  5881 | Dis:6    | Noticed a caustic shrike
  5883 | Dis:6    | Killed a caustic shrike
  5883 | Dis:6    | Killed a caustic shrike
  5883 | Dis:6    | Killed a caustic shrike
  5883 | Dis:6    | Killed a caustic shrike
  5883 | Dis:6    | Killed a caustic shrike
  5899 | Dis:7    | Entered Level 7 of the Iron City of Dis
  5923 | Dis:7    | Noticed a caustic shrike
  5927 | Dis:7    | Killed a caustic shrike
  5930 | Dis:7    | Reached skill level 27 in Dodging
  5943 | Dis:7    | Noticed a caustic shrike
  5945 | Dis:7    | Noticed a caustic shrike
  5947 | Dis:7    | Killed a caustic shrike
  5948 | Dis:7    | Killed a caustic shrike
  6012 | Dis:7    | Noticed a juggernaut
  6015 | Dis:7    | Killed a juggernaut
  6026 | Dis:7    | Got an iron rune of Zot
  6089 | Depths:4 | Noticed a caustic shrike
  6098 | Depths:4 | Killed a caustic shrike
  6111 | Depths:4 | Found a gate to the Realm of Zot.
  6119 | Zot:1    | Entered Level 1 of the Realm of Zot
  6129 | Zot:1    | Noticed a caustic shrike
  6129 | Zot:1    | Noticed Qohumiw's ghost (legendary TrBe)
  6162 | Zot:1    | Noticed an orb of fire
  6166 | Zot:1    | Killed an orb of fire
  6208 | Zot:2    | Noticed an orb of fire
  6212 | Zot:2    | Killed an orb of fire
  6260 | Zot:3    | Noticed a curse toe
  6267 | Zot:3    | Killed a curse toe
  6276 | Zot:4    | Noticed Parghit
  6283 | Zot:4    | Killed Parghit
  6313 | Zot:5    | Entered Level 5 of the Realm of Zot
  6329 | Zot:5    | Noticed an ancient lich
  6330 | Zot:5    | Noticed an ancient lich
  6332 | Zot:5    | Killed an ancient lich
  6335 | Zot:5    | Killed an ancient lich
  6343 | Zot:5    | Noticed an orb of fire
  6343 | Zot:5    | Noticed a dread lich
  6346 | Zot:5    | Lost mutation: Your mind is acute. (Int +4, Str/Dex -1) [an
                  | orb of fire]
  6348 | Zot:5    | Killed an orb of fire
  6351 | Zot:5    | Noticed a dread lich
  6352 | Zot:5    | Killed a dread lich
  6353 | Zot:5    | Noticed an orb of fire
  6354 | Zot:5    | Killed a dread lich
  6361 | Zot:5    | Killed an orb of fire
  6362 | Zot:5    | Reached skill level 27 in Fighting
  6362 | Zot:5    | Reached skill level 5 in Shields
  6372 | Zot:5    | Noticed an orb of fire
  6372 | Zot:5    | Noticed an orb of fire
  6375 | Zot:5    | Gained mutation: You have hidden genetic defects. [an orb
                  | of fire]
  6376 | Zot:5    | Gained mutation: You are very weak. (Str -4) [an orb of
                  | fire]
  6378 | Zot:5    | Killed an orb of fire
  6382 | Zot:5    | Gained mutation: You occasionally lose the ability to drink
                  | potions when taking damage. [an orb of fire]
  6384 | Zot:5    | Killed an orb of fire
  6387 | Zot:5    | Noticed a Killer Klown
  6403 | Zot:5    | Killed a Killer Klown
  6404 | Zot:5    | Noticed a curse toe
  6414 | Zot:5    | Killed a curse toe
  6472 | Zot:5    | Reached skill level 10 in Shields
  6472 | Zot:5    | Gained mutation: Your spells are easier to cast, but less
                  | powerful. [hidden defects]
  6490 | Zot:5    | Got the Orb of Zot
  6495 | Zot:5    | Noticed a Killer Klown
  6499 | Zot:5    | Killed a Killer Klown
  6507 | Zot:5    | Noticed a Killer Klown
  6509 | Zot:5    | Killed a Killer Klown
  6545 | Zot:4    | Noticed Kiyghy the pandemonium lord
  6548 | Zot:4    | Killed Kiyghy the pandemonium lord
  6680 | Depths:3 | Gained mutation: You are very frail. (-20% HP) [hidden
                  | defects]
  6680 | Depths:3 | Lost mutation: You have hidden genetic defects. [hidden
                  | defects expressed]
  6737 | Depths:1 | Reached skill level 10 in Translocations
  6768 | D:14     | Found an opulent altar of Gozag.
  6935 | D:4      | Found Leugiddemeh's Antique Armour Emporium.
  6939 | D:4      | Lost mutation: Your spells are easier to cast, but less
                  | powerful. [potion of mutation]
  6939 | D:4      | Lost mutation: You are clumsy. (Dex -2) [potion of
                  | mutation]
  6939 | D:4      | Lost mutation: You occasionally lose the ability to read
                  | scrolls when taking damage. [potion of mutation]
  6939 | D:4      | Lost mutation: You occasionally lose the ability to drink
                  | potions when taking damage. [potion of mutation]
  6939 | D:4      | Gained mutation: You have an increased reservoir of magic.
                  | (+10% MP) [potion of mutation]
  6974 | D:4      | Noticed a seraph
  6980 | D:3      | Found a shimmering blue altar of Sif Muna.
  6980 | D:3      | Found an ancient bone altar of Kikubaaqudgha.
  7022 | D:$      | Escaped with the Orb!

Illustrated notes

Levels and vault maps discovered:
D:1:      tarquinn_simple_flora_water_d, layout_basic,
          shapermc_ecumenical_altar_totnotflames
D:2:      layout_loops_ring, minmay_misc_feat_tiny
D:3:      layout_basic, gammafunk_temple_overflow_wave,
          kennysheep_generic_room_9
D:4:      layout_loops_ring, temple_doors_e, serial_shops, shop,
          kennysheep_diamond
D:5:      minmay_spotlight, layout_layer_cave, tgw_xom,
          ebering_ghost_reflecting_pool, portal_sewer_entry_e,
          nicolae_grassy_gnolls, uniq_eustachio
D:6:      layout_basic, okawaru_gym_becter, enter_ossuary_5, minmay_small_thing,
          uniq_maggie, uniq_grinder
D:7:      layout_basic, lemuel_coloured_pillars_altar, uniq_joseph,
          uniq_duvessa, uniq_menkaure
D:8:      layout_basic, mainiacjoe_overflow_surrounded_room, serial_shops,
          nicolae_shop_stone, due_unseen_surprise
D:9:      nicolae_BIG_FREAKIN_CUBE, layout_irregular_city, demons_altar,
          elyvilon_altar_3, hangedman_decor_peaks_small,
          hangedman_abyss_or_decor_stabs
D:10:     layout_roguey, kennysheep_little_box, chequers_decorated_corner,
          serial_park_tiny_pond
D:11:     layout_roguey, erik_lair_island
D:12:     layout_rooms, orc_0_dummy, nicolae_trove_entry_crossroad,
          minmay_stone_trees_small, minivault_23, kennysheep_another_room
D:13:     layout_cross, serial_column_ruins, column_ruins_hut_pillars,
          column_ruins_columns_T, column_ruins_open_tiny,
          column_ruins_open_small, column_ruins_open_tiny,
          column_ruins_corridor_straight, column_ruins_open_small,
          column_ruins_open_small_water, uniq_maurice
D:14:     layout_roguey, erik_vaults_2, grunt_gozag_statues, serial_shops,
          nicolae_shop_trees, gauntlet_entry_generic,
          portal_ice_cave_entry_dragon, nzn_life_drinkers
D:15:     gammafunk_depths_entry_grave, layout_loops_corners, serial_shops,
          shop, minmay_beelzebubs_servants
Temple:   nicolae_temple_ecumenical_triangle
Lair:1:   gammafunk_cloud_chamber, layout_cave_pods,
          nicolae_volcano_entry_hallway, serial_bayou_ford_a,
          chequers_serial_rivers_room_a, uniq_gastronok
Lair:2:   layout_regular_city, swamp_mist_pool, minivault_19,
          grunt_megastairs_3, lemuel_fruit_fields, uniq_sonja
Lair:3:   layout_regular_city, minmay_snake_entry_guardpost_medium,
          infiniplex_staircase_pool_2, uniq_fannar
Lair:4:   layout_loops_ring, dpeg_slime_entry_enclosed, ebering_ghost_xom,
          roderic_carrion_pond
Lair:5:   evil_forest, layout_long_grid, chequers_serial_rivers_large_a,
          infiniplex_staircase_pool, uniq_snorg
Swamp:1:  layout_basic_swamp, gammafunk_ghost_split, nicolae_swamp_some_circles,
          swamp_pool1
Swamp:2:  layout_falls_marsh, gammafunk_ghost_arena, wheals_swamp_sinkhole
Swamp:3:  layout_basic_swamp, evilmike_swamp_ruin_house_3
Swamp:4:  grunt_swamp_rune_castle, layout_basic_swamp, swamp_pool4,
          nicolae_swamp_no_escape
Snake:1:  layout_gridlike, uniq_nikola
Snake:2:  layout_rooms, special_room, nicolae_snake_springs
Snake:3:  layout_cave_town, serial_shops, shop, basic_altar,
          nicolae_coiled_stairwell_up
Snake:4:  johnstein_snake_rune_scales, layout_layer_cave, basic_altar,
          lemuel_fruit_tree, grunt_megastairs_1, serial_bayou_shore_b,
          uniq_donald
Slime:1:  layout_caves
Slime:2:  layout_caves
Slime:3:  layout_caves
Slime:4:  layout_caves
Slime:5
Vaults:1: v_pattern_5, vaults_dpeg_emergency_exit, nicolae_vaults_rhombus_6,
          v_rooms_1, nicolae_vaults_shelves_hall, vaults_room_boxed,
          vaults_mumra_hex, ontoclasm_vaults_pinch, grunt_vaults_hallway_short,
          layout_vaults_omnicross
Vaults:2: ebering_ghost_gozag, hangedman_vaults_impose,
          nicolae_vaults_ring_of_whatevers, nicolae_vaults_diagonal_hallway_7,
          vaults_room_pools, v_misc_8, vaults_room_stairs_pillars, v_rooms_6,
          vaults_room_large_hall, v_pattern_4, v_alt_pattern_6,
          blue_anna_dwarven_crypt, vaults_dpeg_hooks, layout_vaults_omnibox,
          serial_shops, shop
Vaults:3: v_misc_12, ontoclasm_vaults_spin, v_misc_24, ontoclasm_vaults_hangar,
          ontoclasm_vaults_decontamination, ontoclasm_vaults_ligature,
          vaults_room_semicircle, vaults_dpeg_ring, layout_vaults_omnigrid
Vaults:4: hangedman_vaults_corner_blocks, ontoclasm_vaults_hangar, v_misc_22,
          nicolae_vaults_angled_halls, grunt_vaults_swirl, dpeg_vaults_waves,
          hangedman_vaults_stitches, v_rooms_3, nicolae_vaults_big_ls,
          v_misc_19, v_misc_5, nicolae_vaults_little_squares_1,
          vaults_room_grunt_arrival_checkpoint, ontoclasm_vaults_twist,
          layout_vaults_ring
Vaults:5: serial_shops
Crypt:1:  layout_chaotic_city, weyrava_vampire_temple, uniq_bai_suzhen
Crypt:2:  layout_rooms, basic_altar, moated_statue, uniq_jory
Crypt:3:  cryptofortress_bobbens
Tomb:1
Tomb:2
Tomb:3
Depths:1: layout_cave_pools, enter_ziggurat_b, hell_entry,
          hangedman_corner_corridor
Depths:2: nicolae_cairo_tiling_large_dashed, layout_gridlike, pan_entry,
          serial_sigils_hangedman_gnaw, pf_hell_entry_tar_river,
          serial_bayou_pond_e, infiniplex_staircase_zigzag_5, uniq_vv,
          uniq_enchantress
Depths:3: hangedman_arch_fort, layout_twisted_cross, yredelemnul_altar_generic,
          special_room [special_room_mythical_zoo], abyss_entry, hell_entry
Depths:4: hangedman_pleasuredromes, hell_entry, pan_entry, uniq_josephina
Hell
Dis:1:    layout_regular_city
Dis:2:    layout_regular_city, evilmike_ambush [evilmike_ambush_outer_corners,
          evilmike_ambush_inner_cross]
Dis:3:    layout_gridville, nicolae_hells_leichenhalle
Dis:4:    layout_subdivisions, hangedman_dis_decor_tower
Dis:5:    layout_overlapping_boxes
Dis:6:    layout_regular_city
Dis:7:    dis_st
Geh:1:    layout_gehenna_pools_triple
Geh:2:    layout_gehenna_lava_caves
Geh:3:    layout_gehenna_pools_basic
Geh:4:    layout_gehenna_pools_basic
Geh:5:    layout_gehenna_pools_basic
Geh:6:    layout_gehenna_lava_caves, nicolae_geh_single_fiery_grave
Geh:7:    geh_old
Coc:1:    layout_cocytus_water_paths
Coc:2:    layout_cocytus_water_paths
Coc:3:    layout_cocytus_delve
Coc:4:    layout_cocytus_water_paths
Coc:5:    nicolae_coc_three_mouths, layout_cocytus_water_paths
Coc:6:    layout_ice_bergs
Coc:7:    coc_grunt
Tar:1:    layout_cathedral_of_symmetry, nicolae_tar_honey_chapel
Tar:2:    layout_grid_maze
Tar:3:    layout_cathedral_of_symmetry
Tar:4:    layout_grid_maze
Tar:5:    layout_honeycomb
Tar:6:    layout_grid_maze
Tar:7:    tar_minmay_river
Zot:1:    gammafunk_the_bubble [the_bubble_gammafunk_grid],
          layout_twisted_circle, gammafunk_ghost_berserking_beasts
Zot:2:    layout_gridville
Zot:3:    layout_basic, st_large_dragon_hoard_3
Zot:4:    layout_onion_interference, grunt_megastairs_4, uniq_parghit
Zot:5:    layout_cathedral_of_symmetry, basic_altar

Skill      XL: |  1  2  3  4  5  6  7  8  9 10 11 12 13 14 15 16 17 18 19 20 21 22 23 24 25 26 27 |
---------------+----------------------------------------------------------------------------------+-----
Spellcasting   | 3 4 5 6 9 11 13 17 18 20 22 25 26 27 | 27.0
Earth Magic    | 4 5 6 7 8 9 12 15 19 20 21 24 | 24.0
Conjurations   | 1 2 3 6 |  6.0
Necromancy     | 1 2 3 8 9 14 | 14.0
Translocations | 2 3 5 6 10 | 10.4
Evocations     | 1 5 6 7 8 13 | 13.0
Transmutations | 2 8 12 | 12.1
Fighting       | 3 5 7 9 10 11 27 | 27.0
Ice Magic      | 5 9 |  9.0
Invocations    | 3 6 8 12 | 12.0
Dodging        | 4 6 8 10 11 27 | 27.0
Unarmed Combat | 2 4 6 |  6.0
Fire Magic     | 5 10 13 14 15 16 | 16.0
Shields        | 3 4 12 | 12.3
Armour         | 5 |  5.0
Stealth        | 6 |  6.0

Action                   |  1- 3 |  4- 6 |  7- 9 | 10-12 | 13-15 | 16-18 | 19-21 | 22-24 | 25-27 || total
-------------------------+-------+-------+-------+-------+-------+-------+-------+-------+-------++-------
Melee: Unarmed           |       |       |       |       |     4 |     5 |       |       |       ||     9
       Staff             |       |       |       |       |       |     1 |       |       |       ||     1
 Cast: Sandblast         |    12 |    27 |    35 |    11 |     4 |     2 |       |       |       ||    91
       Apportation       |     1 |       |    19 |     8 |    11 |    38 |    14 |    26 |    49 ||   166
       Stone Arrow       |       |     2 |    19 |     3 |       |       |       |       |       ||    24
       Passwall          |       |       |     8 |     1 |     5 |     7 |     1 |       |    20 ||    42
       Animate Dead      |       |       |     1 |     5 |     1 |     4 |     2 |     3 |       ||    16
       Statue Form       |       |       |       |     9 |    13 |    22 |     9 |    10 |    52 ||   115
       Borgnjor's Vile C |       |       |       |    17 |    14 |    21 |    12 |    31 |    78 ||   173
       Death Channel     |       |       |       |     4 |     9 |    16 |     5 |     2 |     9 ||    45
       Simulacrum        |       |       |       |     8 |    55 |   118 |    13 |    18 |    27 ||   239
       Sublimation of Bl |       |       |       |       |       |    27 |     4 |     3 |    61 ||    95
       Shatter           |       |       |       |       |       |     3 |    43 |    49 |   374 ||   469
       Irradiate         |       |       |       |       |       |       |     3 |     4 |    16 ||    23
       Infestation       |       |       |       |       |       |       |       |    16 |     6 ||    22
       Ignition          |       |       |       |       |       |       |       |     4 |    96 ||   100
       Passage of Golubr |       |       |       |       |       |       |       |       |   486 ||   486
       Lehudib's Crystal |       |       |       |       |       |       |       |       |    39 ||    39
       Blink             |       |       |       |       |       |       |       |       |     8 ||     8
Invok: Slouch            |       |       |       |       |       |    15 |     1 |     4 |    38 ||    58
       Temporal Distorti |       |       |       |       |       |     1 |       |     1 |     5 ||     7
       Step From Time    |       |       |       |       |       |       |       |     1 |     1 ||     2
 Abil: End Transformatio |       |       |       |       |       |     2 |     1 |       |    13 ||    16
Evoke: Wand              |       |       |    25 |    10 |     2 |     4 |     1 |     8 |    16 ||    66
       Figurine of a zig |       |       |       |       |       |       |       |     1 |       ||     1
       Horn of Geryon    |       |       |       |       |       |       |       |       |     2 ||     2
       Lightning rod     |       |       |       |       |       |       |       |       |     1 ||     1
       Condenser vane    |       |       |       |       |       |       |       |       |     1 ||     1
  Use: Scroll            |       |       |     3 |     3 |     3 |    13 |     5 |    11 |    31 ||    69
       Potion            |       |       |     3 |     1 |       |     1 |     3 |    12 |    11 ||    31
 Stab: Distracted        |       |       |       |       |     1 |       |       |       |       ||     1
Armor: Robe              |     1 |       |     7 |       |       |     8 |       |       |       ||    16
       Skin              |       |       |       |    70 |    78 |    87 |   151 |   116 |   504 ||  1006
       Leather armour    |       |       |       |       |       |       |       |     2 |    19 ||    21
Dodge: Dodged            |     3 |     8 |    16 |    63 |   131 |   182 |   277 |   282 |  1595 ||  2557
Block: Buckler           |       |       |       |       |       |       |       |   104 |   644 ||   748
